 Dungeon Crawl Stone Soup version 0.23.2-11-gf996548c65 (webtiles) character file.

Game seed: 449009601824826689

40 troglodite the Caller (level 3, -8/26 HPs)
             Began as a Demigod Summoner on June 5, 2019.
             Mangled by a worm (9 damage)
             ... on level 2 of the Dungeon.
             The game lasted 00:04:15 (1844 turns).

troglodite the Caller (Demigod Summoner)            Turns: 1844, Time: 00:04:16

Health: -8/26      AC:  2    Str: 11    XL:     3   Next: 14%
Magic:  6/8        EV: 12    Int: 21    God:
Gold:   43         SH:  0    Dex: 16    Spells: 0/6 levels left

rFire    . . .     SeeInvis .   b - +0 club
rCold    + . .     Gourm    .   (no shield)
rNeg     . . .     Faith    .   a - +0 robe
rPois    .         Spirit   .   (no helmet)
rElec    .         Reflect  .   (no cloak)
rCorr    .         Harm     .   (no gloves)
MR       .....                  (no boots)
Stlth    ++........             (no amulet)
HPRegen  0.08/turn              d - ring of protection from cold
MPRegen  0.11/turn              (no ring)

@: no status effects
A: high mp 1
a: no special abilities


You were on level 2 of the Dungeon.
You were very hungry.

You visited 1 branch of the dungeon, and saw 2 of its levels.

You collected 43 gold pieces.

Inventory:

Hand Weapons
 b - a +0 club (weapon)
Missiles
 e - 60 stones (quivered)
Armour
 a - a +0 robe (worn)
Jewellery
 d - a ring of protection from cold (left hand)
Scrolls
 f - a scroll of fear {unknown}
 g - 2 scrolls of identify {unknown}
 h - a scroll of enchant armour {unknown}
Comestibles
 c - 5 rations


   Skills:
 * Level 0.4 Maces & Flails
 * Level 1.9 Dodging
 * Level 2.0 Stealth
 + Level 0.7 Unarmed Combat
 * Level 2.0 Spellcasting
 * Level 4.1 Summonings


You couldn't memorise any spells.
You knew the following spells:

 Your Spells              Type           Power        Failure   Level  Hunger
a - Summon Small Mammal   Summ           ###.         2%          1    #......
b - Call Canine Familiar  Summ           ###.....     8%          3    ###....
c - Call Imp              Summ           ###.....     4%          2    ##.....

Your spell library contained the following spells:

 Spells                   Type           Power        Failure   Level  Hunger
 Summon Guardian Golem    Hex/Summ       ##......     19%         3    ###....
 Summon Ice Beast         Ice/Summ       ##......     52%         4    #####..
 Summon Lightning Spire   Summ/Air       ##......     52%         4    #####..


Dungeon Overview and Level Annotations

Branches:
Dungeon (2/15)


Innate Abilities, Weirdness & Mutations

You have an increased reservoir of magic. (+10% MP)


Message History

The bat misses you. The bat barely misses you.
The bat hits you but does no damage.
Your hound bites the worm.
The worm bites you!
You closely miss the bat. The bat hits you but does no damage.
The bat hits you.
Your hound bites the worm.
The gnoll hits you. The bat barely misses your hound.
Your hound bites the worm but does no damage.
You barely miss the worm.
The worm is heavily wounded.
The bat barely misses you. The bat hits you but does no damage.
Your hound barely misses the worm.
The gnoll closely misses you. The worm bites you.
* * * LOW HITPOINT WARNING * * *
Your hound bites the worm.
You hit the worm.
The worm is almost dead.
Your hound bites the worm.
The gnoll hits you!
* * * LOW HITPOINT WARNING * * *
The bat closely misses you. The worm bites you!
You die...

......!)..##............
..........##.#..........
.....#####..............
....>...................
.....#####...#r.<..#..#
.............#.....#..#.
#..........#..........
.##....hg)...##.........
......w@b....##.........
.........#####.........#
.........# #.#..#.....
.......... #.#........
........... ..##.......
............... ##......
............. .....
......####....


You could see a worm, a gnoll, a bat and a friendly hound.

Vanquished Creatures
  An adder (D:1)
  3 bats
  2 giant cockroaches (D:1)
  2 goblins
  4 hobgoblins (D:1)
  A kobold (D:1)
  A rat (D:1)
14 creatures vanquished.

Vanquished Creatures (collateral kills)
  2 gnolls (D:2)
  3 goblins (D:1)
  A frilled lizard (D:2)
6 creatures vanquished.

Grand Total: 20 creatures vanquished

Notes
Turn   | Place    | Note
-------+----------+-------------------------------------------
     0 | D:1      | troglodite the Demigod Summoner began the quest for the
                  | Orb.
     0 | D:1      | Reached XP level 1. HP: 14/14 MP: 5/5
   454 | D:1      | Reached XP level 2. HP: 14/20 MP: 7/7
  1476 | D:2      | Reached skill level 4 in Summonings
  1497 | D:1      | Reached XP level 3. HP: 13/26 MP: 8/8
  1811 | D:1      | Learned a level 3 spell: Call Canine Familiar
  1814 | D:1      | Learned a level 2 spell: Call Imp
  1844 | D:2      | HP: 1/26 [gnoll (7)]
  1844 | D:2      | Mangled by a worm

Skill      XL: |  1  2  3 |
---------------+----------+-----
Spellcasting   | 2 |  2.0
Summonings     | 4 |  4.1
Stealth        | 2 |  2.0
Maces & Flails | |  0.4
Dodging        | |  1.9
Unarmed Combat | |  0.7

Action                   || total
-------------------------++-------
Melee: Club              ||    57
       Unarmed           ||     6
 Cast: Summon Small Mamm ||     6
       Call Canine Famil ||     1
  Use: Scroll            ||     1
       Potion            ||     1
 Stab: Sleeping          ||     2
  Eat: Chunk             ||     2
Armor: Robe              ||    19
Dodge: Dodged            ||    66
